 Dungeon Crawl Stone Soup version 0.15.2 (webtiles) character file.

666 HiobMontag the Skirmisher (level 7, -3/61 HPs)
             Began as a Hill Orc Fighter on Dec 12, 2014.
             Slain by a human zombie (5 damage)
             ... in an ossuary.
             The game lasted 00:22:01 (5606 turns).

HiobMontag the Skirmisher (Hill Orc Fighter)        Turns: 5606, Time: 00:22:01

HP  -3/61        AC  7     Str 21      XL: 7   Next: 57%
MP   7/7         EV  7     Int  8      God:
Gold 270         SH 10     Dex 10      Spells:  0 memorised,  6 levels left

rFire  . . .     SeeInvis .     t - +0 spear
rCold  . . .     Clarity  +     b - +0 scale mail
rNeg   . . .     rCorr    .     c - +0 shield
rPois  .         rRot     .     (no helmet)
rElec  .         Spirit   .     (no cloak)
SustAb .         Warding  .     (no gloves)
rMut   .         Stasis   .     (no boots)
Gourm  .                        l - amulet of clarity
MR     +....                    (no ring)
                                p - ring of protection from magic

@: somewhat resistant to hostile enchantments, extremely unstealthy
A: no striking features
a: no special abilities


You were in an ossuary.
You were not hungry.

You visited 1 branch of the dungeon, and saw 5 of its levels.
You also visited: Ossuary.

You collected 270 gold pieces.

Inventory:

Hand weapons
 a - a +0 trident
 n - a +0 quarterstaff of crushing
 t - a +0 spear (weapon)
Armour
 b - a +0 scale mail (worn)
 c - a +0 shield (worn)
 i - a +1 robe of positive energy
Comestibles
 d - a meat ration
 k - 5 bread rations
Scrolls
 e - a scroll of blinking {unknown}
 q - a scroll of fog {unknown}
 s - a scroll of noise {unknown}
 u - a scroll of immolation {unknown}
Jewellery
 l - an amulet of clarity (around neck)
 o - an uncursed amulet of rage {unknown}
 p - a ring of protection from magic (left hand)
Potions
 h - a potion of resistance
 j - a potion of flight
 m - a potion of berserk rage {unknown}
 v - a potion of heal wounds {unknown}


   Skills:
 + Level 5.3 Fighting
 + Level 4.0 Polearms
 + Level 5.3 Armour
 + Level 2.9 Dodging
 + Level 0.8 Stealth
 + Level 4.9 Shields


You had 6 spell levels left.
You didn't know any spells.

Dungeon Overview and Level Annotations

Branches:
Dungeon (5/15)
 Temple: D:4-7

Altars:

Shops:
D:4 [

Annotations:
D:4 !ghost, HiobMontag's ghost, average HOFi
D:5 Pikel


Message History

The big kobold zombie hits you but does no damage.
The human zombie hits you but does no damage.
You block the human zombie's attack.
You barely miss the human zombie. You block the human zombie's attack.
You hit the human zombie. The human zombie hits you.
* * * LOW HITPOINT WARNING * * *
You block the human zombie's attack.
You hit the human zombie. The big kobold zombie hits you.
* * * LOW HITPOINT WARNING * * *
Your shield and scale mail prevent you from hitting the human zombie.
The human zombie hits you.
* * * LOW HITPOINT WARNING * * *
The human zombie barely misses you.
The big kobold zombie hits you but does no damage.
You hit the human zombie. The human zombie hits you.
* * * LOW HITPOINT WARNING * * *
The human zombie hits you but does no damage.
The big kobold zombie hits you but does no damage.
You closely miss the human zombie. The human zombie hits you.
You die...

######################
#.........∩∩.ZZZ.....#
#..........Z@ZZZ.....#
#..Z##############...#
#...# #...# #...#
#...# #...# #Z..#
#...# ....+####...#
#Z..# #.∩.....#.Z.#
#...# #M......#...#
#...# #.......#...#
#..Z#.####.......#...#


You could see a hobgoblin zombie, a big kobold zombie, 2 orc zombies and 3 human
zombies.

Vanquished Creatures
  An ogre (D:4)
  A slave (D:4)
  A crimson imp (D:3)
  2 centaur zombies (Ossuary)
  3 orc wizards
  Natasha (thrice) (D:3)
  3 iguanas
  3 worker ants
  4 adders
  4 gnolls (D:3)
  A white imp (D:3)
  A giant mite (D:2)
  3 worms
  An adder zombie (Ossuary)
  A giant gecko (D:2)
  15 orcs
  A ball python (D:2)
  8 bats
  A bat skeleton (D:5)
  5 giant cockroaches
  6 hobgoblins
  5 jackals
  3 giant newts
  10 goblins
  A hobgoblin skeleton (D:5)
  8 hobgoblin zombies (Ossuary)
  2 jackal zombies (Ossuary)
  4 kobolds
  8 kobold zombies (Ossuary)
  8 orc zombies (Ossuary)
  A quokka (D:3)
  7 rats
125 creatures vanquished.

Vanquished Creatures (others)
  An orc wizard (D:4)
1 creature vanquished.

Grand Total: 126 creatures vanquished

Notes
Turn   | Place    | Note
--------------------------------------------------------------
     0 | D:1      | HiobMontag, the Hill Orc Fighter, began the quest for the Orb.
     0 | D:1      | Reached XP level 1. HP: 19/19 MP: 1/1
   157 | D:1      | Reached XP level 2. HP: 21/27 MP: 2/2
   547 | D:2      | Reached XP level 3. HP: 28/33 MP: 3/3
   560 | D:2      | Reached skill level 4 in Fighting
   912 | D:2      | Reached XP level 4. HP: 31/40 MP: 4/4
  1354 | D:2      | Reached skill level 1 in Dodging
  1427 | D:3      | Noticed Natasha
  1472 | D:3      | Killed Natasha
  1498 | D:3      | Noticed Natasha
  1507 | D:3      | Killed Natasha
  1768 | D:3      | Reached XP level 5. HP: 41/47 MP: 5/5
  2315 | D:3      | Reached XP level 6. HP: 55/55 MP: 6/6
  2319 | D:3      | Reached skill level 5 in Fighting
  2471 | D:3      | Noticed Natasha
  2518 | D:3      | Killed Natasha
  3416 | D:4      | Reached XP level 7. HP: 31/61 MP: 7/7
  3707 | D:4      | Noticed HiobMontag's ghost (average HOFi)
  4225 | D:4      | Found Sanam's Armour Shop.
  4265 | D:4      | Reached skill level 5 in Armour
  4856 | D:5      | Entered Level 5 of the Dungeon
  4856 | D:5      | Noticed Pikel
  5204 | D:5      | Found a sand-covered staircase.
  5210 | Ossuary  | Entered an ossuary
  5605 | Ossuary  | HP: 2/61 [human zombie (2)]
  5606 | Ossuary  | Slain by a human zombie

Action                   |  1- 3 |  4- 6 |  7- 9 || total
-------------------------+-------+-------+-------++-------
Melee: Trident           |   115 |    89 |       ||   204
       Spear             |       |   201 |   318 ||   519
  Use: Scroll            |     2 |     3 |       ||     5
       Potion            |       |    10 |     5 ||    15
 Stab: Sleeping          |     1 |       |       ||     1
  Eat: Chunk             |       |     9 |     1 ||    10
       Meat ration       |       |       |     1 ||     1
       Bread ration      |       |       |     1 ||     1
